 Dungeon Crawl Stone Soup version 0.28-a0-664-gc179e30c89 (webtiles) character file.

Game seed: 15747464539187468598

102686 Ijustatesigmund the Tortoise (level 16, -1/127 HPs)
             Began as a Gnoll Wanderer on Oct 15, 2021.
             Was the Champion of Cheibriados.
             Slain by an Executioner (7 damage)
             ... summoned by Asterion
             ... on level 1 of the Snake Pit.
             The game lasted 00:58:45 (21787 turns).

Ijustatesigmund the Tortoise (Gnoll Wanderer)      Turns: 21787, Time: 00:58:45

Health: -1/127     AC: 32    Str: 38    XL:     16   Next: 33%
Magic:  16/30      EV: 19    Int: 30    God:    Cheibriados [******]
Gold:   2228       SH: 11    Dex: 29    Spells: 25/36 levels left

rFire   . . .      SeeInvis +   a - +9 whip of Infection {freeze, Str+4}
rCold   + . .      Faith    .   o - +2 buckler {rPois}
rNeg    + . .      Spirit   .   c - +7 plate armour of Voley {rN+ Str+3}
rPois   +          Reflect  .   E - +2 hat {Int+3}
rElec   .          Harm     .   Y - +0 cloak
rCorr   +          Rampage  .   n - +1 pair of gloves
Will    +....                   h - +0 pair of boots of Olikloit {rC+ Regen+ rCorr SInv}
Stlth   +.........              e - amulet of regeneration
HPRegen 2.31/turn               i - ring of wizardry
MPRegen 0.22/turn               T - +4 ring of slaying

@: lethally poisoned (-1 -> -1), about to teleport, wereblooded, studying
Throwing, very slow
A: fangs 1, strong nose, distributed training
a: Renounce Religion, Bend Time, Temporal Distortion, Slouch, Step From Time


You were on level 1 of the Snake Pit.
You worshipped Cheibriados.
Cheibriados was exalted by your worship.
You visited 5 branches of the dungeon, and saw 25 of its levels.
You also visited: Sewer and Gauntlet.

You collected 2872 gold pieces.
You spent 644 gold pieces at shops.

Inventory:

Hand Weapons
 a - the +9 whip of Infection (weapon) {freeze, Str+4}
   (You found it on level 6 of the Dungeon)

   It freezes those it strikes, dealing additional cold damage.
   It can also slow down cold-blooded creatures.
   Str:       It affects your strength (+4).
 d - the +3 Elemental Staff {rElec rF++ rC++ AC+5}
   (You acquired it on level 6 of the Lair of Beasts)

   If the wielder is skilled in Evocations, they can discharge powerful blasts
   of elemental energy when striking with it.
   It enhances your fire, ice, earth and air magic.
   AC:        It affects your AC (+5).
   rF:        It greatly protects you from fire.
   rC:        It greatly protects you from cold.
   rElec:     It insulates you from electricity.
Missiles
 b - 20 arrows
 z - 3 atropa-tipped darts (quivered)
 R - 5 throwing nets
Armour
 c - the +7 plate armour of Voley (worn) {rN+ Str+3}
   (You bought it in a shop on level 2 of the Orcish Mines)

   Str:       It affects your strength (+3).
   rN:        It protects you from negative energy.
 h - the +0 pair of boots of Olikloit (worn) {rC+ Regen+ rCorr SInv}
   (You found it in a Gauntlet)

   rC:        It protects you from cold.
   SInv:      It lets you see invisible.
   Regen:     It increases your rate of health regeneration.
   rCorr:     It protects you from acid and corrosion.
 n - a +1 pair of gloves (worn)
 o - a +2 buckler of poison resistance (worn)
 E - a +2 hat of intelligence (worn)
 Y - a +0 cloak (worn)
Jewellery
 e - an amulet of regeneration (around neck)
 i - a ring of wizardry (left hand)
 w - a ring of protection from cold
 T - a +4 ring of slaying (right hand)
 Z - a ring of see invisible
Wands
 t - a wand of polymorph (22)
 x - a wand of iceblast (8)
 y - a wand of mindburst (44)
 B - a wand of paralysis (16)
 C - a wand of acid (28)
 G - a wand of flame (36)
 I - a wand of charming (16)
 M - a wand of digging (15)
Scrolls
 l - 8 scrolls of fog
 r - 10 scrolls of teleportation
 u - 2 scrolls of enchant weapon
 v - 5 scrolls of amnesia
 H - 2 scrolls of fear
 K - 10 scrolls of identify
 L - 2 scrolls of silence
 N - 3 scrolls of immolation
 S - a scroll of summoning
 V - a scroll of blinking
 X - 2 scrolls of enchant armour
Potions
 f - 8 potions of curing
 g - 9 potions of cancellation
 j - 3 potions of flight
 k - a potion of magic
 m - 2 potions of might
 p - 2 potions of brilliance
 q - 6 potions of lignification
 s - 2 potions of invisibility
 A - a potion of berserk rage
 D - 7 potions of ambrosia
 Q - 2 potions of mutation
 U - a potion of heal wounds
Miscellaneous
 F - a phantom mirror
 O - a box of beasts


   Skills:
 + Level 11.7 Fighting
 + Level 10.8 Short Blades
 + Level 10.8 Long Blades
 + Level 10.8 Axes
 + Level 10.8 Maces & Flails
 + Level 10.8 Polearms
 + Level 10.8 Staves
 + Level 10.8 Slings
 + Level 10.8 Bows
 + Level 10.8 Crossbows
 + Level 13.2 Throwing
 + Level 15.9 Armour
 + Level 10.8 Dodging
 + Level 10.8 Stealth
 + Level 10.8 Shields
 + Level 10.8 Unarmed Combat
 + Level 10.8 Spellcasting
 + Level 9.1 Conjurations
 + Level 9.1 Hexes
 + Level 9.1 Summonings
 + Level 9.1 Necromancy
 + Level 9.1 Translocations
 + Level 9.1 Transmutations
 + Level 9.1 Fire Magic
 + Level 9.1 Ice Magic
 + Level 9.1 Air Magic
 + Level 9.1 Earth Magic
 + Level 9.1 Poison Magic
 + Level 11.8 Invocations
 + Level 11.1 Evocations


You had 25 spell levels left.
You knew the following spells:

 Your Spells              Type           Power      Damage    Failure   Level
a - Lesser Beckoning      Tloc           63%        N/A       1%          3
b - Hailstorm             Conj/Ice       63%        3d13      1%          4
c - Blink                 Tloc           N/A        N/A       1%          2
d - Wereblood             Tmut           63%        N/A       1%          2

Your spell library contained the following spells:

 Spells                   Type           Power      Damage    Failure   Level
 Magic Dart               Conj           100%       1d8       1%          1
 Shock                    Conj/Air       100%       1d9       1%          1
 Call Imp                 Summ           63%        N/A       1%          2
 Static Discharge         Conj/Air       63%        N/A       1%          2
 Sublimation of Blood     Necr           31%        N/A       1%          2
 Gell's Gravitas          Tloc           31%        N/A       1%          3
 Ignite Poison            Fire/Tmut/Pois 63%        N/A       1%          3
 Mephitic Cloud           Conj/Pois/Air  63%        N/A       1%          3
 Portal Projectile        Hex/Tloc       100%       N/A       1%          3
 Swiftness                Air            63%        N/A       1%          3
 Teleport Other           Tloc           63%        N/A       1%          3
 Airstrike                Air            31%        N/A       1%          4
 Ice Form                 Ice/Tmut       63%        N/A       1%          4
 Petrify                  Tmut/Erth      63%        N/A       1%          4
 Blade Hands              Tmut           31%        N/A       3%          5
 Excruciating Wounds      Necr           31%        N/A       3%          5
 Freezing Cloud           Conj/Ice/Air   31%        6-21      3%          5
 Irradiate                Conj/Tmut      31%        3d24      3%          5
 Lightning Bolt           Conj/Air       31%        1d48      3%          5
 Manifold Assault         Tloc           63%        N/A       3%          5
 Simulacrum               Ice/Necr       31%        N/A       16%         6
 Storm Form               Tmut/Air       31%        N/A       65%         7
 Summon Hydra             Summ           31%        N/A       65%         7
 Maxwell's Capacitive Co  Air            31%        ∞         99%         8


Dungeon Overview and Level Annotations

Branches:
Dungeon (15/15) Temple (0/1) D:7 Lair (6/6) D:10 Shoals (1/4) Lair:4 Snake (1/4) Lair:4 Slime (0/5) Lair:6 Orc (2/2) D:12 Elf (0/3) Orc:2 Vaults (0/5) D:12 D:13 Depths (0/4) D:15 Sewer (visited) Gauntlet (visited)

Altars:
Cheibriados
Ru
Trog
Uskayaw
Xom

Shops:
D:11 :   D:15 (   Orc:2 *(:[

Portals:
Trove: D:15 (give 5 scrolls of blinking)

Annotations:
Snake:1 Asterion


Innate Abilities, Weirdness & Mutations

You have very sharp teeth.
Your uncanny sense of smell can sniff out nearby items.
Your experience applies equally to all skills.


Message History

The naga ritualist shouts!
The naga sharpshooter shouts!
You feel sick. You block the black mamba's attack.
The naga ritualist utters an invocation to its god.
The naga ritualist begins to radiate toxic energy.
The naga hits you but does no damage. The Executioner misses you.
The Executioner hits you but does no damage.
You block the Executioner's attack.
You feel much better.
You feel sick. You block the Executioner's attack.
The Executioner barely misses you. You block the Executioner's attack.
The black mamba barely misses you.
The Executioner hits you but does no damage. x2
The Executioner hits you.
The black mamba bites you but does no damage.
You block the Executioner's attack. x3
The naga sharpshooter unwields a +0 flail.
The naga sharpshooter wields a +0 shortbow.
The naga sharpshooter casts a spell.
The naga sharpshooter magically shoots an arrow.
You block the arrow.
The black mamba bites you but does no damage.
A naga warrior comes into view. It is wielding a +0 battleaxe.
The naga warrior shouts!
You hear a shout!
As you read the scroll of teleportation, it crumbles to dust.
You feel strangely unstable.
You feel sick.
You are more poisoned.
The Executioner hits you.
* * * LOW HITPOINT WARNING * * *
The Executioner hits you but does no damage.
The Executioner closely misses you. The Executioner hits you!
* * * LOW HITPOINT WARNING * * *
The Executioner hits you but does no damage.
The Executioner hits you.
* * * LOW HITPOINT WARNING * * *
The black mamba completely misses you.
An anaconda comes into view.
The black mamba bites you!
* * * LOW HITPOINT WARNING * * *
A naga sharpshooter comes into view. It is wielding a +0 glaive.
You block the Executioner's attack. x2; The Executioner hits you!
You die...

...# #..#.# ..## #.#.#.
#... '### #######..#.#
#?...
...###.....##N#.###...#
..#.#.#####.#N#.......
..#)#.......NSN......
8.#.'...8(..#.#.H..###.#
..#.##......'S#S1...S..#
..#.#.#####.#...@...#
...###.....##..S###.#
+### #######..N.....# ∆
∆ ##.N..#..[ .....N# ##
∆ .#...N.# ∆ . ....N.. ∆
N.....### .......


You could see Asterion (fast), a naga warrior, 2 naga sharpshooters, an
Executioner (summoned, fast), an anaconda (wandering), a naga ritualist (strong,
toxic aura), a mana viper, 2 black mambas, 2 naga magi and 2 nagas.

Vanquished Creatures
  Jorgrun (D:13)
  Gastronok (D:10)
  Frances (D:13)
  A stone giant (D:15)
  A minotaur (Gauntlet)
  A fire dragon (D:12)
  Harold (Orc:1)
  A vault guard (D:15)
  11 hydras
  A naga warrior (Snake:1)
  4 boulder beetles
  An anaconda (Snake:1)
  3 centaur warriors
  Erolcha (D:9)
  3 merfolk avatars (Shoals:1)
  A death knight (D:15)
  7 two-headed ogres
  7 death yaks
  6 tengu warriors
  A hell hog (Gauntlet)
  An orc high priest (Orc:1)
  Urug (Lair:6)
  A shock serpent (Snake:1)
  2 goliath frogs (Lair:6)
  2 sea snakes (Shoals:1)
  6 orc knights
  2 deep elf pyromancers
  The ghost of MirrMurr the Gouger, a novice FeBe of Trog (D:10)
  5 cyclopes
  3 oklob plants (Lair:6)
  5 ugly things
  4 manticores
  2 merfolk sirens (Shoals:1)
  6 black mambas
  8 elephants
  A gargoyle (D:12)
  19 cane toads
  The ghost of paps the Cutter, a novice DsGl (D:5)
  3 kobold demonologists (D:11)
  3 unseen horrors
  Maggie (Lair:1)
  8 komodo dragons
  A rime drake (Lair:4)
  2 freezing wraiths (D:15)
  A yaktaur (D:13)
  A tengu conjurer (Gauntlet)
  2 merfolk (Shoals:1)
  6 trolls
  2 polar bears (Lair:5)
  A queen bee (D:10)
  A queen bee (shapeshifter) (D:15)
  4 hornets
  3 tyrant leeches (Lair:6)
  A wind drake (Shoals:1)
  15 slime creatures
  A wolf spider simulacrum (D:14)
  19 blink frogs
  5 dream sheep (Lair:6)
  Sigmund (D:4)
  4 wyverns
  4 shadows
  4 fire bats (Gauntlet)
  39 yaks
  16 humans
  3 wraiths
  7 vampire mosquitoes
  4 basilisks
  2 steam dragons
  Menkaure (D:7)
  5 nagas
  Edmund (D:4)
  An acid dragon (D:12)
  2 hell hounds (Gauntlet)
  13 water moccasins
  Duvessa (D:4)
  31 orc warriors
  Purgy (Sewer)
  A hornet zombie (D:8)
  3 black bears
  A sky beast (D:5)
  17 wolves
  3 necrophages
  4 ogres
  18 centaurs
  2 kobold brigands (D:11)
  19 bullfrogs
  A gnoll sergeant (Orc:1)
  A wyvern zombie (D:8)
  2 scorpions (D:4)
  Dowan (D:4)
  A wyvern skeleton (D:7)
  35 killer bees
  5 howler monkeys
  2 bullfrog zombies
  3 centaur zombies
  3 hounds
  2 jellies
  2 centaur skeletons
  A gnoll shaman (D:9)
  9 orc priests
  A scorpion zombie (D:5)
  Ijyb (D:2)
  Natasha (thrice) (D:3)
  6 iguanas
  11 orc wizards
  8 adders
  19 gnolls
  3 howler monkey skeletons
  A river rat (D:5)
  A white imp (D:7)
  3 adder skeletons
  A worm (D:5)
  3 dart slugs
  42 orcs
  4 giant cockroaches
  4 hobgoblins
  6 jackals
  12 kobolds
  2 quokkas
  9 ball pythons
  5 bats
  8 frilled lizards
  16 goblins
  6 rats
  A bush (D:14)
656 creatures vanquished.

Vanquished Creatures (collateral kills)
  A tengu conjurer (Gauntlet)
1 creature vanquished.

Vanquished Creatures (others)
  A centaur (Orc:2)
  An orc wizard (Orc:1)
  25 fungi
  95 plants
  4 withered plants (Gauntlet)
126 creatures vanquished.

Grand Total: 783 creatures vanquished

Notes
Turn   | Place    | Note
-------+----------+-------------------------------------------
     0 | D:1      | Reached skill level 12 in Armour
     0 | D:1      | Ijustatesigmund the Gnoll Wanderer began the quest for the
                  | Orb.
     0 | D:1      | Ijustatesigmund set off with the following items: a +0
                  | shortbow, a +2 scale mail, 28 arrows, a +0 spear
     0 | D:1      | Reached XP level 1. HP: 20/20 MP: 1/1
    98 | D:1      | Reached XP level 2. HP: 26/26 MP: 2/2
   233 | D:1      | Found a faded altar of an unknown god.
   633 | D:2      | Noticed Ijyb
   639 | D:1      | Reached XP level 3. HP: 29/31 MP: 3/3
   745 | D:2      | Paralysed by Ijyb for 7 turns
   758 | D:2      | Paralysed by Ijyb for 7 turns
   770 | D:2      | Paralysed by Ijyb for 4 turns
   788 | D:2      | Killed Ijyb
   789 | D:2      | Reached skill level 1 in Short Blades
   789 | D:2      | Reached skill level 1 in Long Blades
   789 | D:2      | Reached skill level 1 in Axes
   789 | D:2      | Reached skill level 1 in Maces & Flails
   789 | D:2      | Reached skill level 1 in Polearms
   789 | D:2      | Reached skill level 1 in Staves
   789 | D:2      | Reached skill level 1 in Slings
   789 | D:2      | Reached skill level 1 in Bows
   789 | D:2      | Reached skill level 1 in Crossbows
   789 | D:2      | Reached skill level 1 in Dodging
   789 | D:2      | Reached skill level 1 in Stealth
   789 | D:2      | Reached skill level 1 in Shields
   789 | D:2      | Reached skill level 1 in Unarmed Combat
   789 | D:2      | Reached skill level 1 in Spellcasting
   789 | D:2      | Reached skill level 1 in Invocations
   849 | D:2      | Reached XP level 4. HP: 34/38 MP: 5/5
  1182 | D:3      | Noticed Natasha
  1260 | D:3      | Killed Natasha
  1261 | D:3      | Reached skill level 1 in Conjurations
  1261 | D:3      | Reached skill level 1 in Hexes
  1261 | D:3      | Reached skill level 1 in Summonings
  1261 | D:3      | Reached skill level 1 in Necromancy
  1261 | D:3      | Reached skill level 1 in Translocations
  1261 | D:3      | Reached skill level 1 in Transmutations
  1261 | D:3      | Reached skill level 1 in Fire Magic
  1261 | D:3      | Reached skill level 1 in Ice Magic
  1261 | D:3      | Reached skill level 1 in Air Magic
  1261 | D:3      | Reached skill level 1 in Earth Magic
  1261 | D:3      | Reached skill level 1 in Poison Magic
  1265 | D:3      | Noticed Natasha
  1289 | D:3      | Killed Natasha
  1290 | D:3      | Reached XP level 5. HP: 43/43 MP: 5/7
  1577 | D:3      | Noticed Natasha
  1589 | D:3      | Killed Natasha
  1613 | D:3      | Found a snail-covered altar of Cheibriados.
  1618 | D:3      | Became a worshipper of Cheibriados the Contemplative
  1646 | D:3      | Found a shimmering altar of Xom.
  1912 | D:4      | Reached XP level 6. HP: 50/50 MP: 8/8
  2088 | D:4      | Noticed Duvessa
  2097 | D:4      | Noticed Dowan
  2166 | D:5      | Entered Level 5 of the Dungeon
  2218 | D:5      | Reached skill level 5 in Fighting
  2346 | D:5      | Found a runed translucent gate.
  2346 | D:5      | Found a runed translucent gate.
  2348 | D:5      | Found a runed translucent gate.
  2352 | D:5      | Noticed paps's ghost (novice DsGl)
  2473 | D:5      | Reached XP level 7. HP: 56/56 MP: 10/10
  2536 | D:5      | Reached * piety under Cheibriados
  2549 | D:5      | Found a glowing drain.
  2559 | Sewer    | Entered a sewer
  2649 | Sewer    | Noticed Purgy
  2680 | Sewer    | Killed Purgy
  2962 | D:5      | Found a hide-covered altar of Uskayaw.
  3258 | D:5      | Reached XP level 8. HP: 63/63 MP: 12/12
  3474 | D:6      | Reached ** piety under Cheibriados
  3559 | D:6      | Noticed a troll
  3569 | D:6      | Killed a troll
  3811 | D:6      | Identified the +9 whip of Infection {freeze, Str+4}
  3862 | D:4      | Noticed Edmund
  3877 | D:4      | Killed Edmund
  3878 | D:4      | Reached XP level 9. HP: 44/68 MP: 14/14
  3886 | D:4      | Noticed Sigmund
  3902 | D:4      | Killed Sigmund
  4050 | D:4      | Killed Duvessa
  4056 | D:4      | Killed Dowan
  4057 | D:4      | Reached skill level 5 in Throwing
  4057 | D:4      | Reached skill level 5 in Evocations
  4341 | D:4      | Found a sacrificial altar of Ru.
  4560 | D:5      | Killed paps's ghost
  4564 | D:5      | Reached skill level 13 in Armour
  4658 | D:7      | Noticed Menkaure
  4664 | D:7      | Killed Menkaure
  4718 | D:7      | Reached *** piety under Cheibriados
  4719 | D:7      | Reached skill level 5 in Invocations
  4777 | D:7      | Found a staircase to the Ecumenical Temple.
  4846 | D:7      | Noticed a hornet
  4854 | D:7      | Killed a hornet
  4855 | D:7      | Reached XP level 10. HP: 62/77 MP: 17/17
  4883 | D:7      | Learned a level 3 spell: Lesser Beckoning
  5417 | D:8      | Reached skill level 5 in Short Blades
  5417 | D:8      | Reached skill level 5 in Long Blades
  5417 | D:8      | Reached skill level 5 in Axes
  5417 | D:8      | Reached skill level 5 in Maces & Flails
  5417 | D:8      | Reached skill level 5 in Polearms
  5417 | D:8      | Reached skill level 5 in Staves
  5417 | D:8      | Reached skill level 5 in Slings
  5417 | D:8      | Reached skill level 5 in Bows
  5417 | D:8      | Reached skill level 5 in Crossbows
  5417 | D:8      | Reached skill level 5 in Dodging
  5417 | D:8      | Reached skill level 5 in Stealth
  5417 | D:8      | Reached skill level 5 in Shields
  5417 | D:8      | Reached skill level 5 in Unarmed Combat
  5417 | D:8      | Reached skill level 5 in Spellcasting
  5705 | D:8      | Reached **** piety under Cheibriados
  5708 | D:8      | Noticed a two-headed ogre
  5717 | D:8      | Killed a two-headed ogre
  5845 | D:8      | Found a bloodstained altar of Trog.
  5861 | D:8      | You fall into a shaft and drop 3 floors!
  6155 | D:11     | Noticed a kobold demonologist
  6155 | D:11     | Noticed a kobold demonologist
  6163 | D:11     | Killed a kobold demonologist
  6171 | D:11     | Killed a kobold demonologist
  6172 | D:11     | Reached XP level 11. HP: 84/84 MP: 19/19
  6193 | D:11     | Noticed a two-headed ogre
  6203 | D:11     | Killed a two-headed ogre
  6286 | D:10     | Entered Level 10 of the Dungeon
  6549 | D:10     | Reached skill level 5 in Conjurations
  6549 | D:10     | Reached skill level 5 in Hexes
  6549 | D:10     | Reached skill level 5 in Summonings
  6549 | D:10     | Reached skill level 5 in Necromancy
  6549 | D:10     | Reached skill level 5 in Translocations
  6549 | D:10     | Reached skill level 5 in Transmutations
  6549 | D:10     | Reached skill level 5 in Fire Magic
  6549 | D:10     | Reached skill level 5 in Ice Magic
  6549 | D:10     | Reached skill level 5 in Air Magic
  6549 | D:10     | Reached skill level 5 in Earth Magic
  6549 | D:10     | Reached skill level 5 in Poison Magic
  7102 | D:9      | Reached ***** piety under Cheibriados
  7410 | D:9      | Noticed a two-headed ogre
  7414 | D:9      | Found a runed translucent door.
  7425 | D:9      | Noticed Erolcha
  7442 | D:9      | Killed Erolcha
  7483 | D:9      | Killed a two-headed ogre
  7519 | D:9      | Identified the -4 pair of boots of the Amoeba {rElec}
  7917 | D:10     | Noticed a death yak
  7917 | D:10     | Found a staircase to the Lair.
  7917 | D:10     | Noticed a death yak
  7917 | D:10     | Noticed a death yak
  7931 | D:9      | Killed a death yak
  7948 | D:9      | Killed a death yak
  8009 | D:9      | Killed a death yak
  8010 | D:9      | Reached XP level 12. HP: 60/94 MP: 22/22
  8054 | D:10     | Found a runed translucent door.
  8059 | D:10     | Noticed MirrMurr's ghost (novice FeBe)
  8247 | D:10     | Reached skill level 14 in Armour
  8304 | D:10     | Noticed Gastronok
  8310 | D:10     | Reached ****** piety under Cheibriados
  8330 | D:10     | Killed Gastronok
  8943 | D:10     | Killed MirrMurr's ghost
  9025 | D:11     | Found Biofop's Book Boutique.
  9134 | D:11     | Paralysed by a hornet for 3 turns
  9432 | D:11     | Noticed a two-headed ogre
  9444 | D:11     | Killed a two-headed ogre
  9608 | D:12     | Noticed a two-headed ogre
  9610 | D:12     | Noticed a two-headed ogre
  9618 | D:12     | Killed a two-headed ogre
  9626 | D:12     | Killed a two-headed ogre
  9682 | D:12     | Noticed a boulder beetle
  9687 | D:12     | Killed a boulder beetle
  9743 | D:12     | Reached XP level 13. HP: 101/101 MP: 24/24
  9780 | D:12     | Found a gate leading to a gauntlet.
  9800 | Gauntlet | Entered a Gauntlet
  9800 | Gauntlet | Found a transporter.
  9800 | Gauntlet | Found a transporter.
  9800 | Gauntlet | Found a transporter.
  9806 | Gauntlet | Found a transporter.
  9810 | Gauntlet | Found a transporter.
  9812 | Gauntlet | Found a transporter.
  9818 | Gauntlet | Found a transporter.
  9819 | Gauntlet | Found a transporter.
  9821 | Gauntlet | Found a transporter.
  9822 | Gauntlet | Found a transporter.
  9830 | Gauntlet | Found a transporter.
  9831 | Gauntlet | Found a transporter.
 10019 | Gauntlet | Identified the +0 pair of boots of Olikloit {rC+ Regen+
                  | rCorr SInv}
 10034 | Gauntlet | Identified the +5 scale mail "Ecinaut" {Fly}
 10071 | Gauntlet | Noticed a minotaur
 10098 | Gauntlet | Killed a minotaur
 10178 | D:12     | Noticed a fire dragon
 10193 | D:12     | Killed a fire dragon
 10275 | D:12     | Learned a level 4 spell: Hailstorm
 10719 | D:12     | Found a staircase to the Orcish Mines.
 10830 | D:13     | Found a gate to the Vaults.
 11110 | D:13     | Noticed Jorgrun
 11134 | D:13     | Killed Jorgrun
 11644 | D:13     | Noticed Frances
 11665 | D:13     | Killed Frances
 11666 | D:13     | Reached skill level 10 in Fighting
 11666 | D:13     | Reached skill level 10 in Throwing
 11666 | D:13     | Reached XP level 14. HP: 64/110 MP: 26/26
 11884 | D:13     | Found a hide-covered altar of Uskayaw.
 12627 | D:14     | Reached skill level 15 in Armour
 12636 | D:14     | Reached skill level 10 in Invocations
 12650 | D:14     | Learned a level 2 spell: Blink
 13045 | D:15     | Entered Level 15 of the Dungeon
 13192 | D:15     | Found a staircase to the Depths.
 13192 | D:15     | Noticed a stone giant
 13204 | D:15     | Killed a stone giant
 13460 | D:15     | Found Zuczoep's Antique Weapon Emporium.
 13647 | Lair:1   | Entered Level 1 of the Lair of Beasts
 13905 | Lair:1   | Noticed Maggie
 13914 | Lair:1   | Killed Maggie
 14622 | Lair:2   | Found a shimmering altar of Xom.
 14813 | Lair:2   | Identified a scroll of acquirement
 14813 | Lair:2   | Acquired 527 gold pieces
 14823 | Lair:2   | Reached skill level 10 in Evocations
 15277 | Lair:3   | Reached XP level 15. HP: 117/117 MP: 28/28
 15882 | Lair:4   | Found a staircase to the Snake Pit.
 16370 | Lair:4   | Found a staircase to the Shoals.
 16593 | Lair:5   | Learned a level 2 spell: Wereblood
 16715 | Lair:5   | Reached skill level 10 in Short Blades
 16715 | Lair:5   | Reached skill level 10 in Long Blades
 16715 | Lair:5   | Reached skill level 10 in Axes
 16715 | Lair:5   | Reached skill level 10 in Maces & Flails
 16715 | Lair:5   | Reached skill level 10 in Polearms
 16715 | Lair:5   | Reached skill level 10 in Staves
 16715 | Lair:5   | Reached skill level 10 in Slings
 16715 | Lair:5   | Reached skill level 10 in Bows
 16715 | Lair:5   | Reached skill level 10 in Crossbows
 16715 | Lair:5   | Reached skill level 10 in Dodging
 16715 | Lair:5   | Reached skill level 10 in Stealth
 16715 | Lair:5   | Reached skill level 10 in Shields
 16715 | Lair:5   | Reached skill level 10 in Unarmed Combat
 16715 | Lair:5   | Reached skill level 10 in Spellcasting
 17358 | Lair:6   | Entered Level 6 of the Lair of Beasts
 17363 | Lair:6   | Noticed Urug
 17378 | Lair:6   | Killed Urug
 17413 | Lair:6   | Found a staircase to the Slime Pits.
 18101 | Lair:6   | Identified the amulet "Poiqiown" {RegenMP Str+2}
 18272 | Lair:6   | Acquired the +3 Elemental Staff {rElec rF++ rC++ AC+5}
 18272 | Lair:6   | Found the +3 Elemental Staff {rElec rF++ rC++ AC+5}
 18704 | Orc:1    | Entered Level 1 of the Orcish Mines
 18730 | Orc:1    | Noticed Harold
 18763 | Orc:1    | Killed Harold
 19072 | Orc:2    | Entered Level 2 of the Orcish Mines
 19378 | Orc:2    | Reached XP level 16. HP: 77/126 MP: 24/30
 19484 | Orc:2    | Found Zeshywn's General Store.
 19487 | Orc:2    | Found Susulyme's Book Emporium.
 19487 | Orc:2    | Found Benur's Weapon Boutique.
 19513 | Orc:2    | Found Votodywn's Antique Armour Shoppe.
 19528 | Orc:2    | Bought an ancient plate armour for 644 gold pieces
 19528 | Orc:2    | Identified the +7 plate armour of Voley {rN+ Str+3} (You
                  | bought it in a shop on level 2 of the Orcish Mines)
 19727 | Orc:2    | Found a staircase to the Elven Halls.
 20153 | Shoals:1 | Entered Level 1 of the Shoals
 21134 | D:15     | Found a portal to a secret trove of treasure.
 21636 | Snake:1  | Entered Level 1 of the Snake Pit
 21761 | Snake:1  | Noticed Asterion
 21771 | Snake:1  | Noticed an Executioner
 21787 | Snake:1  | HP: 6/127 [black mamba (13)]
 21787 | Snake:1  | Slain by an Executioner

Illustrated notes

Levels and vault maps discovered:
D:1:      mrwooster_arrival_statue_2, layout_basic,
          shapermc_ecumenical_altar_notcrosses, minmay_tromino_v4_b
D:2:      kennysheep_the_goblin_king, layout_rooms, minmay_misc_feat_columns
D:3:      layout_rooms, mainiacjoe_overflow_two_lobes, dk_vineyard_1,
          kennysheep_generic_room_8, uniq_natasha
D:4:      layout_loops_ring, nicolae_ru_path_of_blood, hangedman_decor_lopped,
          dk_rats_in_the_wall, uniq_edmund, uniq_duvessa, uniq_sigmund
D:5:      layout_cave_pods, amcnicky_altar_gilded, portal_sewer_entry_e,
          gammafunk_ghost_necromancy
D:6:      layout_rooms
D:7:      layout_basic, temple_statues, wad_floor_pattern_2, minmay_small_thing,
          uniq_menkaure
D:8:      layout_basic, trog_ov_bears_minmay
D:9:      layout_basic, minmay_st_funbox, nrook_mini_backslash,
          lemuel_flamethrower_hall, uniq_erolcha
D:10:     layout_long_grid, dpeg_lair_monsters, ebering_ghost_inner_flame,
          special_room [special_room_bee], minivault_10, uniq_gastronok
D:11:     layout_roguey, serial_shops, nicolae_diamond_shop, grunt_ministairs_13
D:12:     layout_irregular_city, orc_0_dummy, gauntlet_entry_generic,
          st_stairs_3, minivault_25_ag
D:13:     layout_grid_maze, david_vaults_3, nicolae_uskayaw_en_pointe,
          uniq_jorgrun, uniq_frances
D:14:     layout_irregular_city, roderic_roman_lattice, minmay_hedge_maze
D:15:     grunt_enter_depths_snipers, layout_gridville, serial_shops,
          shop_fountains, enter_trove_5
Lair:1:   layout_roguey, uniq_maggie
Lair:2:   layout_cave_pods, basic_altar
Lair:3:   layout_loops_ring
Lair:4:   layout_misc_corridors, shoals_dummy_entry, guppyfry_snake_entry_island
Lair:5:   layout_roguey
Lair:6:   minmay_lair_end_frog_pond, layout_regular_city,
          minmay_slime_entry_oklob_open, uniq_urug
Shoals:1: layout_shoals, uniq_louise
Snake:1:  hangedman_cross_stitches, layout_rooms,
          hellmonk_ghost_happy_afterlife, special_room, serial_bayou_shore_a,
          grunt_megastairs_1, uniq_asterion
Orc:1:    layout_caves, uniq_harold
Orc:2:    st_orc_rangers, layout_caves, uniq_snorg

Skill      XL: |  1  2  3  4  5  6  7  8  9 10 11 12 13 14 15 16 |
---------------+-------------------------------------------------+-----
Armour         | 13 14 15 | 15.9
Short Blades   | 1 2 3 4 5 6 7 8 9 10 | 10.8
Long Blades    | 1 2 3 4 5 6 7 8 9 10 | 10.8
Axes           | 1 2 3 4 5 6 7 8 9 10 | 10.8
Maces & Flails | 1 2 3 4 5 6 7 8 9 10 | 10.8
Polearms       | 1 2 3 4 5 6 7 8 9 10 | 10.8
Staves         | 1 2 3 4 5 6 7 8 9 10 | 10.8
Slings         | 1 2 3 4 5 6 7 8 9 10 | 10.8
Bows           | 1 2 3 4 5 6 7 8 9 10 | 10.8
Crossbows      | 1 2 3 4 5 6 7 8 9 10 | 10.8
Dodging        | 1 2 3 4 5 6 7 8 9 10 | 10.8
Stealth        | 1 2 3 4 5 6 7 8 9 10 | 10.8
Shields        | 1 2 3 4 5 6 7 8 9 10 | 10.8
Unarmed Combat | 1 2 3 4 5 6 7 8 9 10 | 10.8
Spellcasting   | 1 2 3 4 5 6 7 8 9 10 | 10.8
Invocations    | 1 2 3 4 5 6 7 8 9 10 11 | 11.8
Conjurations   | 1 2 3 4 5 6 7 8 9 |  9.1
Hexes          | 1 2 3 4 5 6 7 8 9 |  9.1
Summonings     | 1 2 3 4 5 6 7 8 9 |  9.1
Necromancy     | 1 2 3 4 5 6 7 8 9 |  9.1
Translocations | 1 2 3 4 5 6 7 8 9 |  9.1
Transmutations | 1 2 3 4 5 6 7 8 9 |  9.1
Fire Magic     | 1 2 3 4 5 6 7 8 9 |  9.1
Ice Magic      | 1 2 3 4 5 6 7 8 9 |  9.1
Air Magic      | 1 2 3 4 5 6 7 8 9 |  9.1
Earth Magic    | 1 2 3 4 5 6 7 8 9 |  9.1
Poison Magic   | 1 2 3 4 5 6 7 8 9 |  9.1
Throwing       | 3 4 5 6 7 8 10 11 12 13 | 13.2
Evocations     | 3 4 5 6 7 8 9 10 11 | 11.1
Fighting       | 5 6 7 8 9 10 11 | 11.7

Action                   |  1- 3 |  4- 6 |  7- 9 | 10-12 | 13-15 | 16-18 || total
-------------------------+-------+-------+-------+-------+-------+-------++-------
Melee: Spear             |   122 |   342 |   158 |       |       |       ||   622
       Bite              |     6 |    36 |    42 |   134 |   314 |    38 ||   570
       Punch             |     1 |     2 |     4 |     6 |       |       ||    13
       Halberd           |       |       |    87 |       |       |       ||    87
       Whip              |       |       |   128 |   562 |  1278 |   204 ||  2172
 Fire: Shortbow          |     9 |       |       |       |       |       ||     9
Throw: Dart              |       |       |       |     6 |     6 |       ||    12
 Cast: Hailstorm         |       |       |       |       |     4 |     1 ||     5
       Wereblood         |       |       |       |       |     7 |     1 ||     8
       Lesser Beckoning  |       |       |       |       |       |     4 ||     4
       Blink             |       |       |       |       |       |     1 ||     1
Invok: Slouch            |       |       |       |     5 |     5 |     2 ||    12
       Bend Time         |       |       |       |     1 |     3 |     1 ||     5
Evoke: Wand              |       |       |       |     1 |     8 |     3 ||    12
  Use: Scroll            |     1 |     3 |    10 |    11 |     9 |     1 ||    35
       Potion            |       |     1 |       |     3 |     1 |     1 ||     6
 Stab: Sleeping          |       |       |       |     2 |    26 |       ||    28
       Distracted        |       |       |       |     1 |     5 |       ||     6
Armor: Scale mail        |    80 |   258 |   334 |   220 |   392 |    10 ||  1294
       Plate armour      |       |       |       |       |       |    83 ||    83
Dodge: Dodged            |    63 |   239 |   348 |   312 |   852 |   152 ||  1966
Block: Kite shield       |       |       |       |   272 |    47 |       ||   319
       Buckler           |       |       |       |       |   542 |   121 ||   663

Table legend: (Time is in decaauts)
 A = Elapsed time spent in this place.
 B = Non-inter-level travel time spent in this place.
 C = Inter-level travel time spent in this place.
 D = Time resting spent in this place.
 E = Time spent auto-exploring this place.
 F = Levels seen in this place.
 G = Mean time per level.
                   A        B        C        D        E       F      G
               +--------+--------+--------+--------+--------+-----+--------+
         Total |  33831 |  30700 |   3131 |   1372 |  22690 |  27 | 1253.0 |
       Dungeon |  21204 |  19370 |   1834 |   1214 |  14170 |  15 | 1413.6 |
          Lair |   9304 |   8169 |   1135 |    123 |   6661 |   6 | 1550.7 |
        Shoals |    156 |    137 |     19 |      0 |     45 |   1 |  156.0 |
     Snake Pit |    211 |    211 |      0 |      0 |    132 |   1 |  211.0 |
  Orcish Mines |   2173 |   2033 |    140 |      4 |   1502 |   2 | 1086.5 |
         Sewer |    309 |    309 |      0 |      0 |    178 |   1 |  309.0 |
      Gauntlet |    471 |    471 |      0 |     31 |      0 |   1 |  471.0 |
               +--------+--------+--------+--------+--------+-----+--------+

Top non-repeatable levels by time:
    D:13: 2724 daAuts
    D:10: 2364 daAuts
    D:12: 1804 daAuts
    D:14: 1794 daAuts
  Lair:2: 1776 daAuts
    D:11: 1677 daAuts
  Lair:6: 1652 daAuts
  Lair:5: 1586 daAuts
  Lair:1: 1585 daAuts
     D:9: 1532 daAuts
  Lair:4: 1439 daAuts
     D:8: 1383 daAuts
     D:5: 1370 daAuts
    D:15: 1365 daAuts
   Orc:2: 1298 daAuts
